Map: Eternal Empire LE

Players

Patience

  • Race: Protoss Protoss
  • League: Master
  • Spawn Location: 1:00

DRG - Winner!

  • Race: Zerg Zerg
  • League: Master
  • Spawn Location: 7:00

VOD

Have the link to the VOD?

Description

Time

  • Played on: Jan. 8, 2020, 6:25 a.m.
  • Length: 9:55
Show
View Real Time Build Order
Export as new Build Order

Patience Protoss 

Build Orders: 1 Gate Expand, Oracle Opening, Phoenix Opening, Zealot Archon 

Get SALT Encoding   

  12  0:00  Probe  
  13  0:12  Probe  
  14  0:19  Pylon  
  14  0:25  Probe (Chrono Boost)  
  15  0:31  Assimilator  
  15  0:39  Probe (Chrono Boost)  
  16  0:43  Gateway  
  16  0:45  Probe (Chrono Boost)  
  17  0:54  Probe  
  18  1:07  Probe  
  19  1:19  Probe  
  19  1:24  Nexus  
  20  1:38  Probe, Cybernetics Core  
  21  1:42  Assimilator  
  21  1:50  Probe  
  21  1:53  Pylon  
  22  2:03  Probe  
  23  2:14  Adept  
  23  2:15  Probe (Chrono Boost)  
  26  2:17  Stargate  
  26  2:24  Warp Gate  
  26  2:26  Probe (Chrono Boost)  
  27  2:31  Probe (Chrono Boost)  
  27  2:36  Probe (Chrono Boost)  
  29  2:42  Probe (Chrono Boost)  
  30  2:48  Probe (Chrono Boost), Adept  
  30  2:51  Probe (Chrono Boost)  
  34  2:53  Probe (Chrono Boost)  
  34  2:56  Probe (Chrono Boost)  
  36  3:02  Phoenix (Chrono Boost)  
  36  3:03  Probe  
  39  3:07  Probe  
  40  3:12  Pylon  
  40  3:15  Probe  
  40  3:19  Probe  
  42  3:20  Gateway  
  42  3:23  Oracle (Chrono Boost)  
  45  3:27  Probe  
  45  3:31  Probe  
  45  3:32  Adept  
  49  3:45  Pylon  
  49  3:49  Probe  
  49  3:51  Probe  
  49  3:52  Pylon  
  49  3:54  Oracle (Chrono Boost)  
  54  4:04  Nexus  
  54  4:06  Probe  
  54  4:07  Probe  
  56  4:14  Shield Battery  
  56  4:17  Assimilator  
  56  4:18  Probe  
  56  4:19  Probe  
  56  4:20  Assimilator  
  58  4:31  Probe x2  
  59  4:33  Robotics Facility  
  59  4:36  Twilight Council  
  60  4:40  Forge  
  60  4:43  Probe  
  60  4:44  Probe  
  62  4:55  Probe (Chrono Boost)  
  62  4:57  Probe (Chrono Boost)  
  64  5:02  Gateway  
  64  5:03  Gateway  
  65  5:07  Probe (Chrono Boost)  
  65  5:09  Probe (Chrono Boost)  
  65  5:13  Probe (Chrono Boost)  
  65  5:14  Probe (Chrono Boost)  
  67  5:15  Zealot  
  67  5:16  Zealot  
  72  5:21  Probe  
  72  5:22  Probe  
  72  5:23  Probe  
  76  5:28  Observer (Chrono Boost)  
  76  5:33  Probe  
  77  5:39  Protoss Ground Weapons Level 1, Charge  
  77  5:42  Templar Archives  
  77  5:43  Zealot x2  
  77  5:46  Immortal (Chrono Boost)  
  77  5:48  Gateway  
  77  5:49  Gateway  
  84  5:50  Gateway  
  84  5:54  Shield Battery x2  
  84  6:03  Pylon  
  84  6:05  Pylon  
  84  6:07  Pylon  
  84  6:09  Pylon  
  84  6:15  Pylon, Photon Cannon  
  83  6:27  Warp Prism (Chrono Boost)  
  85  6:36  High Templar x4  
  89  6:43  Archon  
  89  6:44  Archon, Gateway  
  86  7:01  Phoenix (Chrono Boost)  
  88  7:12  Zealot x5  
  98  7:17  Observer  
  98  7:20  Pylon  
  98  7:22  Pylon  
  99  7:24  Pylon x2  
  99  7:26  Phoenix (Chrono Boost), Pylon  
  101  7:38  Stargate  
  100  7:48  Phoenix (Chrono Boost)  
  102  8:05  Phoenix (Chrono Boost)  
  100  8:13  Pylon  
  100  8:19  Fleet Beacon  
  100  8:23  Pylon  
  100  8:28  Zealot  
  100  8:31  Phoenix (Chrono Boost)  
  106  8:37  Nexus  
  106  8:38  Phoenix (Chrono Boost)  
  106  8:40  Probe x2  
  106  8:41  Assimilator  
  108  8:48  Phoenix  
  108  8:52  Probe  
  108  8:54  Assimilator  
  108  8:55  Phoenix, Photon Cannon  
  111  8:58  Shield Battery  
  111  9:01  Observer  
  114  9:12  Photon Cannon  
  114  9:15  Shield Battery  
  104  9:17  Zealot x4  
  104  9:23  Phoenix  
  114  9:28  Phoenix  
  112  9:40  Zealot x2  
Show
View Real Time Build Order
Export as new Build Order

DRG Zerg - Winner!

Build Orders: Hatch First 

Get SALT Encoding   

  12  0:00  Drone  
  13  0:12  Overlord  
  13  0:17  Drone  
  14  0:30  Drone x2  
  16  0:48  Hatchery  
  15  0:51  Drone  
  15  0:54  Drone  
  17  0:57  Drone  
  18  1:08  Extractor  
  17  1:13  Spawning Pool  
  17  1:17  Drone  
  17  1:19  Drone  
  18  1:28  Drone  
  19  1:38  Drone  
  20  1:46  Hatchery  
  19  1:49  Drone  
  20  2:00  Drone x2  
  22  2:05  Queen  
  24  2:10  Drone  
  24  2:14  Overlord  
  25  2:22  Queen  
  25  2:26  Drone  
  28  2:30  Metabolic Boost  
  28  2:34  Drone  
  28  2:36  Drone  
  30  2:38  Drone  
  30  2:42  Zergling x4  
  33  2:49  Queen  
  35  2:54  Drone  
  35  2:58  Queen  
  36  3:02  Overlord  
  36  3:04  Drone  
  39  3:06  Drone  
  39  3:09  Drone  
  39  3:11  Drone  
  42  3:16  Overlord  
  42  3:22  Drone x2  
  42  3:25  Queen  
  46  3:28  Drone x2  
  46  3:31  Overlord  
  48  3:35  Overlord  
  48  3:38  Drone x2  
  50  3:45  Overlord  
  50  3:50  Lair  
  50  3:51  Drone  
  50  3:52  Spore Crawler  
  50  3:53  Spore Crawler  
  50  3:55  Extractor  
  48  3:56  Drone  
  48  3:57  Drone  
  48  3:59  Drone  
  48  4:02  Drone x2  
  53  4:06  Drone x2  
  54  4:10  Drone x3  
  54  4:14  Drone x2  
  54  4:15  Drone  
  54  4:16  Drone  
  61  4:21  Zergling x6  
  61  4:22  Zergling x2  
  65  4:26  Drone  
  65  4:28  Spore Crawler  
  65  4:29  Overlord  
  64  4:33  Queen  
  64  4:38  Overlord  
  66  4:40  Queen  
  66  4:45  Zergling x6  
  71  4:48  Overlord  
  71  4:54  Nydus Network  
  71  4:58  Drone  
  71  4:59  Drone x2  
  73  5:03  Zergling x10  
  73  5:06  Overlord  
  78  5:09  Overlord  
  78  5:14  Zergling x6  
  78  5:16  Queen  
  83  5:23  Overseer  
  83  5:26  Zergling x2  
  83  5:27  Zergling x10  
  88  5:32  Nydus Canal  
  88  5:35  Zergling x14  
  92  5:37  Queen  
  92  5:40  Zergling x6  
  92  5:41  Overlord x2  
  97  5:45  Zergling x2  
  98  5:53  Zergling x2  
  98  5:54  Zergling x4  
  98  5:57  Extractor x2  
  100  5:58  Hydralisk Den  
  100  6:00  Drone x2  
  100  6:03  Drone x4  
  104  6:06  Extractor x2  
  104  6:10  Drone x4  
  106  6:16  Drone x5  
  109  6:28  Drone x2  
  109  6:29  Grooved Spines, Drone  
  109  6:34  Nydus Canal  
  109  6:37  Drone x3  
  111  6:44  Overlord  
  111  6:51  Nydus Canal  
  107  6:59  Drone x3  
  103  7:03  Drone x3  
  103  7:04  Drone, Evolution Chamber  
  103  7:06  Nydus Canal  
  102  7:08  Hydralisk x4  
  102  7:10  Hatchery  
  109  7:19  Overlord  
  109  7:21  Hydralisk x2  
  113  7:23  Drone x2  
  113  7:24  Drone  
  113  7:26  Baneling Nest  
  113  7:29  Hydralisk x2  
  112  7:38  Overlord  
  112  7:39  Overlord  
  112  7:40  Hydralisk x2  
  112  7:41  Muscular Augments  
  112  7:44  Hydralisk x3  
  119  7:53  Zerg Melee Weapons Level 1  
  119  7:58  Hydralisk x4  
  119  7:59  Hydralisk x2  
  131  8:07  Hydralisk x2  
  131  8:09  Hydralisk x3  
  138  8:14  Zergling x6  
  138  8:18  Overlord x2  
  141  8:22  Overlord  
  141  8:26  Drone x5  
  146  8:28  Drone x2  
  147  8:34  Hydralisk  
  147  8:35  Hydralisk  
  147  8:39  Zergling x8  
  154  8:41  Overseer  
  154  8:45  Zergling x8  
  154  8:46  Zergling x2  
  154  8:47  Spore Crawler  
  158  8:52  Zergling x2  
  158  8:53  Zergling x6  
  162  8:56  Baneling x4  
  162  8:57  Baneling  
  162  8:58  Zergling x10  
  167  9:05  Zergling x2  
  167  9:06  Zergling x8  
  167  9:09  Zergling x6  
  175  9:16  Zergling x2  
  176  9:22  Baneling  
  176  9:23  Baneling x7  
  174  9:25  Baneling x10  
  174  9:27  Overlord x3  
  174  9:28  Overlord  
  174  9:34  Zergling x2  
  174  9:36  Zergling x4  
Tags
 
Add a new tag
Caveats
  • Supply blocks, unpowered buildings, or Contaminate may cause inaccurate times.
  • Supply counts are checked every 10 seconds.